 Dungeon Crawl Stone Soup version 0.19-a0-328-g3707654 (webtiles) character file.

154 mistymad the Conjurer (level 5, 0/41 HPs)
             Began as a Draconian Conjurer on May 28, 2016.
             Slain by Sigmund
             ... wielding a +0 scythe of freezing
              (9 damage)
             ... on level 2 of the Dungeon.
             The game lasted 00:07:18 (1914 turns).

mistymad the Conjurer (Draconian Conjurer)          Turns: 1914, Time: 00:07:19

Health: 0/41       AC:  5    Str: 11    XL:     5   Next: 13%
Magic:  1/9        EV: 12    Int: 16    God:
Gold:   72         SH:  0    Dex: 11    Spells: 2 memorised, 6 levels left

rFire  . . .     SeeInvis .     (no weapon)
rCold  . . .     Gourm    .     (armour unavailable)
rNeg   . . .     Faith    .     (no shield)
rPois  .         Spirit   .     (helmet restricted)
rElec  .         Dismiss  .     (no cloak)
rCorr  .         Reflect  .     (no gloves)
SustAt .         Harm     .     (no boots)
MR     .....                    (no amulet)
Stlth  ++........               (no ring)
                                (no ring)

@: not resistant to hostile enchantments, unstealthy
A: unfitting armour, cold-blooded, AC +5
a: no special abilities


You were on level 2 of the Dungeon.
You were not hungry.

You visited 1 branch of the dungeon, and saw 2 of its levels.

You collected 72 gold pieces.

Inventory:

Wands
 f - a wand of teleportation (5/9)
Scrolls
 c - 2 scrolls of teleportation {unknown}
 e - a scroll of identify {unknown}
 g - 3 scrolls of fear {unknown}
 i - a scroll of enchant weapon {unknown}
 l - a scroll of random uselessness {unknown}
Potions
 h - a potion of curing {unknown}
 j - a potion of magic {unknown}
 m - a potion of ambrosia {unknown}
Books
 a - a book of Conjurations

   Spells                             Type                      Level
   a - Magic Dart                     Conjuration                  1
   b - Searing Ray                    Conjuration                  2
   c - Dazzling Spray                 Conjuration/Hexes            3
   d - Fulminant Prism                Conjuration/Hexes            4
   e - Iskenderun's Mystic Blast      Conjuration                  4
   f - Iskenderun's Battlesphere      Conjuration/Charms           5
Comestibles
 b - a bread ration
 d - a beef jerky
 k - a meat ration
 n - 2 chunks of flesh


   Skills:
 + Level 2.0 Fighting
 + Level 2.5 Dodging
 + Level 2.7 Stealth
 + Level 2.9 Spellcasting
 + Level 4.6 Conjurations


You had 6 spell levels left.
You knew the following spells:

 Your Spells              Type           Power        Failure   Level  Hunger
a - Magic Dart            Conj           ###.         3%          1    #......
b - Searing Ray           Conj           ###...       6%          2    ##.....


Dungeon Overview and Level Annotations

Branches:
Dungeon (2/15)

Altars:

Annotations:
D:2 Sigmund


Innate Abilities, Weirdness & Mutations

Your plain brown scales are hard (AC +5).
Your body does not fit into most forms of armour.
You are cold-blooded and may be slowed by cold attacks.


Message History

Sigmund is heavily wounded.
Sigmund hits you from afar with a scythe of freezing!
You feel yourself slow down. Sigmund freezes you.
* * * LOW HITPOINT WARNING * * *
You take 8 damage, and have 12/41 hp.
You now have 1/9 mp.
The searing ray misses Sigmund.
Sigmund casts a spell at you. The puff of flame hits you!
* * * LOW HITPOINT WARNING * * *
You take 4 damage, and have 8/41 hp.
You now have 0/9 mp.
Without enough magic to sustain it, your searing ray dissipates.
You feel yourself speed up.
Sigmund says, "Now you see me, now you don't..."
Sigmund casts a spell at you.
You are confused.
You bump into the closed door.
Sigmund barely misses you.
You feel less confused.
You open the door.
Sigmund hits you from afar with a scythe of freezing!
You die...

##.#################
#.# #...... #.#
#.##### #.# #.....#
#.# #.....# #.#
#.....#
#@###########....).
#.................#
#.@'########'.....#
#..#........#......
#..#.+####'.#......
#..#.#....#.#......
##..#.#.##.#.#......
#...#.#.##.#.#.##...
#...#.#....#.#......
###.#.+####'.#.#.###
#...#........#...(..


You could see Sigmund.

Vanquished Creatures
  Natasha (thrice) (D:2)
  2 adders (D:2)
  An adder zombie (D:1)
  2 worms (D:2)
  2 dart slugs (D:1)
  5 giant geckos
  A ball python (D:2)
  4 bats (D:1)
  3 giant cockroaches
  2 goblins
  5 hobgoblins
  2 jackals (D:1)
  A quokka (D:2)
  A ball python zombie (D:1)
  A giant newt (D:2)
  7 kobolds
  3 rats (D:1)
45 creatures vanquished.

Notes
Turn   | Place    | Note
--------------------------------------------------------------
     0 | D:1      | mistymad the Draconian Conjurer began the quest for the Orb.
     0 | D:1      | Reached XP level 1. HP: 14/14 MP: 3/3
   189 | D:1      | Reached XP level 2. HP: 20/20 MP: 0/5
   461 | D:1      | Learned a level 2 spell: Searing Ray
   801 | D:1      | Reached XP level 3. HP: 24/27 MP: 2/6
   922 | D:1      | Reached skill level 1 in Fighting
  1140 | D:2      | Noticed Natasha
  1160 | D:2      | Killed Natasha
  1160 | D:2      | Reached XP level 4. HP: 20/35 MP: 0/7
  1364 | D:2      | Noticed Natasha
  1378 | D:2      | Killed Natasha
  1598 | D:2      | Noticed Natasha
  1615 | D:2      | Killed Natasha
  1615 | D:2      | Reached XP level 5. HP: 27/41 MP: 2/9
  1879 | D:2      | Noticed Sigmund
  1914 | D:2      | Slain by Sigmund

Vault maps used:
D:1:      saegor_arrival_fortress
D:2:      minivault_11, grunt_decor_fettered, uniq_sigmund, uniq_natasha

Skill      XL: |  1  2  3  4  5 |
---------------+----------------+-----
Stealth        | 2 |  2.7
Dodging        | 2 |  2.5
Fighting       | 1 2 |  2.0
Spellcasting   | |  2.9
Conjurations   | |  4.6

Action                   |  1- 3 |  4- 6 || total
-------------------------+-------+-------++-------
Melee: Unarmed           |    75 |    13 ||    88
       Tailslap          |     3 |     1 ||     4
 Cast: Magic Dart        |    70 |    31 ||   101
       Searing Ray       |     1 |     5 ||     6
  Eat: Chunk             |     2 |     3 ||     5
Armor: Skin              |    22 |     4 ||    26
Dodge: Dodged            |    77 |    11 ||    88
